Map: Вечная империя РВ

Players

ИИ 1 (знаток) - Winner!

  • Race: Protoss Protoss
  • Spawn Location: 1:00

Doll

  • Race: Zerg Zerg
  • Spawn Location: 7:00

VOD

Have the link to the VOD?

Description

Time

  • Played on: March 8, 2021, 1:01 p.m.
  • Length: 11:01
Show
View Real Time Build Order
Export as new Build Order

ИИ 1 (знаток) Protoss - Winner!

Build Orders: 1 Gate Expand 

Get SALT Encoding   

  12  0:00  Probe  
  13  0:13  Probe  
  14  0:19  Pylon  
  14  0:25  Probe  
  15  0:34  Probe  
  15  0:39  Gateway  
  15  0:42  Probe  
  17  1:09  Probe  
  17  1:10  Nexus  
  18  1:27  Zealot  
  18  1:30  Pylon  
  20  1:33  Assimilator  
  20  1:44  Probe, Cybernetics Core  
  21  1:56  Probe  
  22  2:04  Probe  
  22  2:08  Gateway  
  23  2:11  Stalker  
  23  2:12  Probe  
  23  2:15  Assimilator  
  26  2:24  Probe  
  27  2:38  Probe  
  27  2:40  Adept  
  30  2:46  Pylon  
  30  2:48  Probe, Warp Gate  
  30  2:50  Adept  
  31  2:52  Probe  
  34  3:00  Probe  
  34  3:04  Probe  
  36  3:12  Probe  
  37  3:15  Gateway  
  37  3:16  Probe  
  38  3:20  Zealot  
  40  3:34  Stalker  
  42  3:47  Stalker, Assimilator  
  44  3:49  Probe  
  45  3:56  Pylon, Probe  
  45  4:01  Probe  
  47  4:04  Sentry  
  47  4:06  Probe  
  50  4:14  Forge  
  50  4:15  Stargate  
  50  4:20  Probe  
  50  4:22  Probe  
  51  4:29  Pylon  
  52  4:34  Probe  
  52  4:35  Probe  
  54  4:43  Zealot  
  56  4:46  Probe  
  56  4:47  Probe  
  56  4:49  Protoss Ground Armor Level 1  
  58  4:53  Pylon  
  58  4:57  Zealot  
  58  4:58  Probe  
  58  4:59  Probe  
  62  5:09  Probe  
  62  5:10  Probe  
  62  5:11  Zealot  
  66  5:17  Pylon  
  66  5:19  Probe  
  66  5:22  Probe  
  66  5:24  Stalker  
  66  5:27  Probe  
  70  5:31  Probe  
  70  5:32  Void Ray  
  72  5:38  Pylon  
  72  5:39  Probe  
  72  5:40  Probe  
  77  5:49  Assimilator  
  78  5:51  Stalker  
  80  5:57  Pylon  
  80  6:05  Stalker  
  80  6:06  Photon Cannon  
  82  6:12  Twilight Council, Probe x2  
  84  6:18  Stalker  
  84  6:21  Pylon  
  84  6:24  Probe  
  87  6:29  Photon Cannon  
  87  6:31  Pylon  
  87  6:32  Pylon, Sentry  
  89  6:42  Robotics Facility  
  89  6:46  Forge, Sentry  
  91  6:47  Protoss Ground Weapons Level 1  
  91  6:49  Blink  
  91  6:53  Void Ray, Photon Cannon  
  91  6:56  Photon Cannon  
  91  6:57  Photon Cannon  
  95  7:26  Observer  
  96  7:30  Void Ray  
  100  7:40  Observer  
  101  8:06  Zealot  
  101  8:10  Immortal  
  59  8:31  Probe  
  59  8:33  Zealot  
  51  8:43  Probe  
  43  8:49  Immortal  
  35  8:55  Probe  
  35  8:59  Zealot  
  35  9:08  Probe  
  36  9:12  Zealot  
  31  9:20  Probe  
  30  9:28  Probe, Immortal  
  30  9:30  Sentry  
  33  9:46  Pylon  
  27  9:53  Nexus, Adept  
  26  10:07  Immortal  
  26  10:08  Nexus  
  26  10:11  Robotics Facility  
  26  10:13  Adept  
  26  10:14  Pylon  
  32  10:16  Stargate  
  32  10:19  Assimilator  
  26  10:33  Zealot  
  28  10:42  Pylon  
  27  10:54  Adept  
Show
View Real Time Build Order
Export as new Build Order

Doll Zerg 

Build Orders: Hatch First, Swarm Host 

Get SALT Encoding   

  12  0:00  Drone  
  13  0:12  Overlord  
  13  0:17  Drone  
  14  0:31  Drone x2  
  16  0:53  Hatchery, Drone  
  17  0:57  Drone  
  17  1:00  Drone  
  17  1:04  Extractor  
  17  1:19  Spawning Pool  
  17  1:21  Drone  
  17  1:24  Drone  
  18  1:28  Drone  
  19  1:39  Overlord  
  19  1:50  Drone  
  20  2:07  Queen x2, Zergling x4  
  26  2:18  Drone  
  26  2:19  Drone  
  28  2:34  Drone  
  28  2:35  Drone  
  30  2:37  Drone  
  31  2:44  Hatchery  
  31  2:49  Drone  
  31  2:51  Overlord  
  31  2:55  Drone  
  31  2:57  Drone  
  32  3:03  Drone  
  32  3:08  Lair  
  32  3:11  Extractor  
  32  3:12  Zergling x2  
  32  3:13  Zergling x2  
  32  3:16  Zergling x2  
  34  3:25  Roach Warren  
  34  3:26  Drone  
  34  3:29  Drone  
  34  3:30  Zergling x2  
  34  3:32  Drone  
  37  3:36  Drone  
  37  3:37  Drone  
  37  3:39  Drone  
  40  3:42  Drone  
  40  3:44  Drone  
  42  3:49  Overlord  
  42  3:54  Drone  
  43  3:56  Overlord  
  43  4:04  Zergling x2  
  43  4:05  Drone  
  45  4:11  Roach  
  45  4:12  Roach  
  45  4:13  Glial Reconstitution  
  45  4:14  Metabolic Boost  
  45  4:16  Drone  
  50  4:19  Roach  
  52  4:25  Roach  
  52  4:26  Spine Crawler  
  52  4:28  Drone  
  52  4:30  Overlord  
  54  4:32  Drone  
  55  4:40  Hydralisk Den  
  55  4:42  Drone  
  55  4:43  Drone  
  55  4:44  Infestation Pit  
  55  4:46  Drone  
  55  4:47  Drone  
  55  4:48  Drone  
  55  4:50  Drone  
  59  4:55  Roach  
  59  4:56  Roach  
  63  5:02  Drone  
  63  5:04  Baneling Nest  
  63  5:05  Roach  
  65  5:07  Roach  
  65  5:08  Roach  
  65  5:12  Overlord  
  69  5:16  Extractor  
  69  5:18  Hydralisk, Extractor  
  69  5:20  Hydralisk  
  71  5:24  Roach  
  71  5:26  Overlord  
  73  5:31  Hydralisk, Drone x2  
  77  5:36  Hydralisk  
  77  5:41  Drone  
  77  5:42  Drone x2  
  82  5:45  Overlord  
  82  5:47  Overseer  
  82  5:54  Drone  
  82  5:56  Swarm Host  
  86  5:57  Swarm Host  
  86  6:02  Overseer  
  89  6:05  Drone  
  89  6:06  Drone x4  
  89  6:10  Drone x2  
  89  6:11  Drone  
  97  6:19  Overlord  
  97  6:23  Extractor  
  96  6:26  Baneling  
  96  6:27  Baneling x6  
  96  6:28  Baneling x3  
  96  6:29  Extractor  
  96  6:32  Overlord  
  95  6:33  Swarm Host  
  95  6:39  Hydralisk  
  98  6:41  Hydralisk  
  98  6:42  Drone  
  98  6:43  Drone, Overlord  
  98  6:44  Drone  
  98  6:45  Drone  
  106  6:52  Swarm Host  
  109  6:54  Roach  
  109  6:55  Roach  
  109  6:58  Ravager  
  109  7:01  Overlord x2  
  114  7:04  Ravager  
  114  7:05  Drone  
  114  7:06  Drone x2  
  114  7:07  Drone  
  119  7:09  Hydralisk  
  121  7:20  Drone x2  
  121  7:21  Drone  
Tags
 
Add a new tag
Caveats
  • Supply blocks, unpowered buildings, or Contaminate may cause inaccurate times.
  • Supply counts are checked every 10 seconds.